 Dungeon Crawl Stone Soup version 0.21-a0-498-g1b60429 (webtiles) character file.

323 Megalobster the Sneak (level 6, 0/42 HPs)
             Began as a Spriggan Enchanter on Nov 24, 2017.
             Succumbed to a worker ant's poison
             ... on level 4 of the Dungeon.
             The game lasted 00:08:52 (4123 turns).

Megalobster the Sneak (Spriggan Enchanter)          Turns: 4123, Time: 00:08:53

Health: 0/42       AC: 23    Str:  6    XL:     6   Next: 23%
Magic:  7/12       EV:  4    Int: 17    God:
Gold:   136        SH:  0    Dex: 16    Spells: 3/12 levels left

rFire    . . .     SeeInvis +   a - +1 dagger
rCold    + . .     Gourm    .   (shield restricted)
rNeg     + + +     Faith    .   (armour currently unavailable)
rPois    +         Spirit   .   (helmet currently unavailable)
rElec    .         Reflect  .   (cloak currently unavailable)
rCorr    .         Harm     .   (gloves unavailable)
MR       +....     NoTele   +   (boots unavailable)
Stlth    ++++......             (no amulet)
HPRegen  0.14/turn              s - ring of protection from cold
MPRegen  0.13/turn              u - +4 ring of evasion

@: lethally poisoned (0 -> -4), tree-form, hasted, very quick
A: very small, unfitting armour, see invisible, herbivore 3, slow metabolism 2
a: no special abilities


You were on level 4 of the Dungeon.
You were not hungry.
You were a tree.
You visited 1 branch of the dungeon, and saw 4 of its levels.

You collected 136 gold pieces.

Inventory:

Hand Weapons
 a - a +1 dagger (weapon)
Missiles
 j - 3 javelins
Armour
 b - a +0 robe (melded)
Jewellery
 s - a ring of protection from cold (left branch)
 u - a +4 ring of evasion (right branch)
Scrolls
 e - 2 scrolls of amnesia
 f - a scroll of teleportation {unknown}
 g - 2 scrolls of remove curse
 h - 5 scrolls of identify {unknown}
 k - 2 scrolls of random uselessness {unknown}
 m - a scroll of immolation {unknown}
 n - a scroll of enchant weapon {unknown}
 q - 2 scrolls of noise {unknown}
 v - a scroll of magic mapping {unknown}
Potions
 i - a potion of haste
 l - 2 potions of lignification
 o - a potion of brilliance {unknown}
 p - 4 potions of curing {unknown}
 r - a potion of heal wounds {unknown}
 t - a potion of flight {unknown}
Books
 c - a book of Maledictions

   Spells                             Type                      Level
   a - Corona                         Hexes                        1
   b - Ensorcelled Hibernation        Hexes/Ice                    2
   c - Confuse                        Hexes                        3
   d - Tukima's Dance                 Hexes                        3
   e - Dazzling Spray                 Conjuration/Hexes            3
Comestibles
 d - 2 bread rations


   Skills:
 + Level 2.7 Short Blades
 + Level 4.4 Dodging
 * Level 7.0 Stealth
 + Level 3.8 Spellcasting
 * Level 5.4 Hexes


You had 3 spell levels left.
You knew the following spells:

 Your Spells              Type           Power        Failure   Level  Hunger
a - Corona                Hex            ###....      1%          1    None
b - Ensorcelled Hibernat  Hex/Ice        ##....       8%          2    ##.....
c - Confuse               Hex            ###.....     5%          3    ###....
d - Tukima's Dance        Hex            ###.....     5%          3    ###....


Dungeon Overview and Level Annotations

Branches:
Dungeon (4/15)
 Temple: D:4-7

Altars:


Innate Abilities, Weirdness & Mutations

You are very small and have problems with some larger weapons.
You are too small for most types of armour.
You have supernaturally acute eyesight. (SInv)
You are a herbivore.
((You cover ground extremely quickly.))
You need consume almost no food.


Message History

The worker ant is almost dead.
* * * LOW HITPOINT WARNING * * *
You feel sick. The worker ant misses you.
It was a potion of lignification.
You turn into a tree.
Your +0 robe melds into your body.
Your roots penetrate the ground.
The worker ant completely misses you.
You hit the worker ant but do no damage.
The worker ant is almost dead.
* * * LOW HITPOINT WARNING * * *
You feel sick.
The worker ant bites you but does no damage.
You barely miss the worker ant.
The worker ant is almost dead.
* * * LOW HITPOINT WARNING * * *
You feel sick. The worker ant barely misses you.
It was a potion of haste.
You feel yourself speed up. The worker ant barely misses you.
You hit the worker ant but do no damage.
The worker ant is almost dead.
You die...

##..## #.=(.[...#
####..######)#.##...#
.......)÷<)))#.##...#
#..###########.##...#
##. #.###### # . #.##
#.##..######
#..........#
##....♣....#
#.....a...#
#.........#
#.........#
#.........#
#.........#
###########


You could see a worker ant.

Vanquished Creatures
  An ogre (D:4)
  An orc priest (D:4)
  2 orc wizards
  A worker ant (D:4)
  3 gnolls
  5 adders
  2 worms
  2 dart slugs (D:3)
  9 orcs
  5 bats
  2 giant cockroaches
  4 goblins
  4 hobgoblins
  A ball python (D:2)
  3 frilled lizards
  5 kobolds
  6 rats
56 creatures vanquished.

Vanquished Creatures (collateral kills)
  2 orcs (D:4)
  A kobold (D:4)
3 creatures vanquished.

Vanquished Creatures (others)
  A dancing weapon (D:4)
1 creature vanquished.

Grand Total: 60 creatures vanquished

Notes
Turn   | Place    | Note
-------+----------+-------------------------------------------
     0 | D:1      | Megalobster the Spriggan Enchanter began the quest for the Orb.
     0 | D:1      | Reached XP level 1. HP: 9/9 MP: 5/5
   795 | D:1      | Reached XP level 2. HP: 13/13 MP: 6/6
   799 | D:1      | Learned a level 2 spell: Ensorcelled Hibernation
  1296 | D:2      | Reached skill level 5 in Stealth
  2104 | D:3      | Reached XP level 3. HP: 16/16 MP: 8/8
  2109 | D:3      | Learned a level 3 spell: Confuse
  2269 | D:3      | Reached XP level 4. HP: 20/21 MP: 9/9
  2275 | D:3      | Learned a level 3 spell: Tukima's Dance
  3094 | D:4      | Reached skill level 6 in Stealth
  3256 | D:4      | Reached XP level 5. HP: 24/24 MP: 6/11
  3323 | D:4      | Noticed an ogre
  3330 | D:4      | Killed an ogre
  3330 | D:4      | Reached skill level 5 in Hexes
  3631 | D:4      | Reached XP level 6. HP: 25/28 MP: 5/12
  3996 | D:4      | Reached skill level 7 in Stealth
  4120 | D:4      | HP: 2/42 [poisoned by a worker ant]
  4123 | D:4      | Succumbed to a worker ant's poison

Vault maps used:
D:1:      saegor_arrival_simple_d
D:2:      first_bread
D:4:      minmay_goblin_kobold_house

Skill      XL: |  1  2  3  4  5  6 |
---------------+-------------------+-----
Stealth        | 5 6 7 |  7.0
Hexes          | 4 5 |  5.4
Spellcasting   | 3 |  3.8
Short Blades   | 2 |  2.7
Dodging        | 4 |  4.4

Action                   |  1- 3 |  4- 6 || total
-------------------------+-------+-------++-------
Melee: Dagger            |    74 |   158 ||   232
 Cast: Ensorcelled Hiber |     6 |    13 ||    19
       Tukima's Dance    |       |    10 ||    10
       Confuse           |       |     7 ||     7
  Use: Scroll            |       |     2 ||     2
       Potion            |       |     2 ||     2
 Stab: Sleeping          |    11 |    10 ||    21
       Distracted        |     2 |       ||     2
       Confused          |       |     3 ||     3
  Eat: Bread ration      |       |     1 ||     1
Armor: Robe              |     3 |     6 ||     9
       Skin              |       |     1 ||     1
Dodge: Dodged            |    49 |   128 ||   177

Table legend:
 A = Spawn XP
 B = Non-spawn XP
 C = Spawn XP percentage of total XP
 D = Spawn monster count
 E = Non-spawn monster count
 F = Spawn count percentage of total count
 G = Total turns spent on level
                    A         B        C        D         E        F      G
               +---------+---------+-------+---------+---------+-------+---------
         Total |       0 |     462 |   0.0 |       0 |      59 |   0.0 |  4123
               +---------+---------+-------+---------+---------+-------+---------
           D:1 |       0 |      12 |   0.0 |       0 |       8 |   0.0 |   868
           D:2 |       0 |      28 |   0.0 |       0 |      11 |   0.0 |  1209
           D:3 |       0 |     117 |   0.0 |       0 |      21 |   0.0 |  1311
           D:4 |       0 |     305 |   0.0 |       0 |      19 |   0.0 |   735
               +---------+---------+-------+---------+---------+-------+---------
